General information
- name: BNet
- type: Ladder team game (AT/RT)
- host: Battle.net
- saver: BEAR_AND
map: Monsoon
- players: 6
- length: 43:14
- speed: Fast
- version: 1.26 W3XP
- replay type:

» download(373 KB)
Players
team 1 (winner)
BEAR_AND (
teal | 144 APM | 6247 actions | 43:14)
7 Blademaster
3 Wind Walk
3 Critical Strike
1 Bladestorm
5 Tauren Chieftain
3 Shockwave
2 Endurance Aura
» actions
| Assign group hotkey | 26 | |
| Basic commands | 12 | |
| Build / train | 118 | |
| Enter build submenu | 80 | |
| Enter hero's abilities submenu | 12 | |
| Give item / drop item | 7 | |
| Right click | 4249 | |
| Select / deselect | 715 | |
| Select group hotkey | 623 | |
| Use ability | 405 | |
6247 total
» units
» upgrades
| Ranged Weapons | 2 | |
| Liquid Fire | 1 | |
| Reinforced Defenses | 1 | |
| Spiked Barricades | 1 | |
| Armor | 1 | |
6 total
» buildings
| Orc Burrow | 6 | |
| Altar of Storms | 1 | |
| War Mill | 1 | |
| Voodoo Lounge | 3 | |
| Watch Tower | 68 | |
| Stronghold | 1 | |
| Great Hall | 2 | |
| Beastiary | 3 | |
| Fortress | 1 | |
86 total
» build order
00:18 Orc Burrow
00:25 Altar of Storms
00:36 War Mill
01:44 Voodoo Lounge
02:13 Watch Tower
02:17 Watch Tower
02:22 Watch Tower
02:51 Watch Tower
04:21 Watch Tower
04:22 Watch Tower
04:23 Stronghold
05:26 Orc Burrow
05:27 Orc Burrow
06:10 Orc Burrow
06:13 Watch Tower
06:14 Watch Tower
06:19 Great Hall
06:43 Watch Tower
06:44 Watch Tower
07:49 Beastiary
07:49 Beastiary
08:06 Watch Tower
08:07 Watch Tower
08:38 Watch Tower
08:39 Watch Tower
08:45 Watch Tower
09:22 Watch Tower
10:19 Fortress
10:21 Watch Tower
10:23 Orc Burrow
10:42 Watch Tower
10:43 Watch Tower
12:53 Voodoo Lounge
14:34 Voodoo Lounge
14:38 Watch Tower
14:39 Watch Tower
14:47 Watch Tower
14:48 Watch Tower
14:49 Watch Tower
14:50 Watch Tower
17:08 Watch Tower
18:13 Watch Tower
19:06 Watch Tower
19:07 Watch Tower
19:08 Watch Tower
19:09 Watch Tower
19:55 Orc Burrow
20:59 Watch Tower
20:59 Watch Tower
21:00 Watch Tower
21:00 Watch Tower
24:11 Watch Tower
24:12 Watch Tower
24:13 Watch Tower
24:17 Great Hall
24:49 Beastiary
26:11 Watch Tower
26:12 Watch Tower
26:18 Watch Tower
27:58 Watch Tower
27:59 Watch Tower
28:00 Watch Tower
29:18 Watch Tower
29:18 Watch Tower
29:19 Watch Tower
29:50 Watch Tower
29:51 Watch Tower
30:05 Watch Tower
30:06 Watch Tower
31:00 Watch Tower
31:01 Watch Tower
31:02 Watch Tower
32:06 Watch Tower
32:08 Watch Tower
32:10 Watch Tower
32:11 Watch Tower
38:39 Watch Tower
38:40 Watch Tower
38:40 Watch Tower
38:41 Watch Tower
38:42 Watch Tower
38:42 Watch Tower
38:43 Watch Tower
38:44 Watch Tower
38:45 Watch Tower
38:46 Watch Tower
» items
| Healing Salve | 8 | |
| Lesser Clarity Potion | 10 | |
| Dust of Appearance | 1 | |
| Boots of Speed | 2 | |
| Staff of Teleportation | 2 | |
| Potion of Healing | 3 | |
| Orb of Lightning | 2 | |
28 total
Chamomile (
yellow | 121 APM | 5241 actions | 43:13)
6 Warden
3 Shadow Strike
3 Blink
4 Pandaren Brewmaster
2 Breath of Fire
1 Drunken Haze
1 Drunken Brawler
» actions
| Assign group hotkey | 24 | |
| Basic commands | 82 | |
| Build / train | 101 | |
| ESC pressed | 5 | |
| Enter build submenu | 31 | |
| Enter hero's abilities submenu | 12 | |
| Give item / drop item | 5 | |
| Right click | 2955 | |
| Select / deselect | 321 | |
| Select group hotkey | 1427 | |
| Use ability | 278 | |
5241 total
» units
| Wisp | 38 | |
| Hippogryph | 11 | |
| Chimaera | 7 | |
56 total
» upgrades
| Ultravision | 1 | |
| Nature's Blessing | 1 | |
| Well Spring | 1 | |
| Corrosive Breath | 1 | |
| Strength of the Wild | 3 | |
| Reinforced Hides | 4 | |
11 total
» buildings
| Altar of Elders | 1 | |
| Moon Well | 19 | |
| Tree of Ages | 1 | |
| Tree of Life | 5 | |
| Hunter's Hall | 1 | |
| Ancient of Wonders | 1 | |
| Tree of Eternity | 1 | |
| Ancient of Wind | 2 | |
| Chimaera Roost | 1 | |
32 total
» build order
00:07 Altar of Elders
00:16 Moon Well
00:19 Moon Well
02:26 Moon Well
05:25 Moon Well
05:26 Moon Well
05:41 Tree of Ages
05:42 Tree of Life
06:12 Hunter's Hall
06:16 Moon Well
06:17 Moon Well
07:42 Ancient of Wonders
08:07 Tree of Eternity
08:30 Moon Well
13:05 Moon Well
13:06 Moon Well
13:10 Moon Well
14:35 Moon Well
14:35 Moon Well
14:44 Ancient of Wind
17:27 Ancient of Wind
17:31 Chimaera Roost
18:13 Moon Well
18:14 Moon Well
21:34 Moon Well
21:34 Moon Well
34:00 Moon Well
34:02 Moon Well
34:40 Tree of Life
37:44 Tree of Life
40:11 Tree of Life
43:07 Tree of Life
» items
| Staff of Teleportation | 2 | |
| Boots of Speed | 2 | |
| Healing Salve | 2 | |
| Lesser Clarity Potion | 2 | |
| Staff of Preservation | 2 | |
| Orb of Venom | 1 | |
| Orb of Lightning | 1 | |
| Moonstone | 2 | |
| Potion of Healing | 2 | |
| Potion of Mana | 1 | |
| Scroll of Town Portal | 1 | |
18 total
iggy_the_fisk (
blue | 105 APM | 4521 actions | 43:13)
6 Archmage
3 Blizzard
2 Brilliance Aura
1 Mass Teleport
5 Blood Mage
3 Flame Strike
2 Siphon Mana
4 Pit Lord
2 Rain of Fire
2 Cleaving Attack
» actions
| Assign group hotkey | 377 | |
| Basic commands | 15 | |
| Build / train | 142 | |
| Enter build submenu | 97 | |
| Enter hero's abilities submenu | 15 | |
| Give item / drop item | 3 | |
| Remove unit from queue | 19 | |
| Right click | 2136 | |
| Select / deselect | 372 | |
| Select group hotkey | 1070 | |
| Use ability | 274 | |
4521 total
» units
» upgrades
| Masonry | 4 | |
| Lumber Harvesting | 2 | |
| Magic Sentry | 1 | |
7 total
» buildings
| Altar of Kings | 3 | |
| Farm | 8 | |
| Lumber Mill | 2 | |
| Scout Tower | 91 | |
| Arcane Tower | 9 | |
| Guard Tower | 44 | |
| Arcane Vault | 5 | |
| Keep | 1 | |
| Town Hall | 1 | |
| Castle | 1 | |
| Arcane Sanctum | 1 | |
166 total
» build order
00:04 Altar of Kings
00:07 Farm
00:21 Lumber Mill
01:05 Farm
01:52 Scout Tower
02:02 Farm
02:04 Scout Tower
02:22 Scout Tower
02:33 Arcane Tower
02:34 Scout Tower
02:58 Scout Tower
03:02 Scout Tower
03:03 Scout Tower
03:04 Arcane Tower
03:04 Guard Tower
03:06 Scout Tower
03:07 Guard Tower
03:28 Arcane Vault
03:35 Scout Tower
03:35 Guard Tower
03:36 Arcane Tower
03:42 Arcane Tower
04:23 Scout Tower
04:24 Guard Tower
04:26 Guard Tower
04:29 Scout Tower
04:49 Scout Tower
04:49 Guard Tower
04:58 Guard Tower
05:00 Scout Tower
05:34 Guard Tower
05:35 Guard Tower
05:40 Scout Tower
05:45 Scout Tower
05:46 Guard Tower
05:50 Farm
06:12 Guard Tower
06:14 Scout Tower
06:21 Guard Tower
06:36 Scout Tower
06:46 Keep
06:49 Scout Tower
06:51 Guard Tower
07:42 Town Hall
07:50 Guard Tower
07:59 Scout Tower
08:02 Scout Tower
08:02 Guard Tower
08:06 Farm
08:42 Guard Tower
08:45 Scout Tower
09:09 Guard Tower
09:11 Scout Tower
09:12 Castle
09:17 Arcane Sanctum
09:21 Scout Tower
09:21 Guard Tower
09:27 Scout Tower
09:28 Scout Tower
09:29 Scout Tower
09:30 Scout Tower
09:39 Scout Tower
09:39 Scout Tower
09:58 Scout Tower
09:59 Scout Tower
09:59 Guard Tower
10:07 Scout Tower
10:08 Guard Tower
10:23 Scout Tower
10:23 Scout Tower
10:26 Scout Tower
10:27 Scout Tower
10:28 Scout Tower
10:29 Scout Tower
10:42 Scout Tower
10:44 Scout Tower
10:44 Guard Tower
10:49 Arcane Vault
10:50 Guard Tower
11:14 Scout Tower
11:15 Scout Tower
11:16 Guard Tower
11:20 Guard Tower
11:36 Arcane Vault
11:41 Scout Tower
11:42 Scout Tower
11:43 Guard Tower
11:45 Scout Tower
12:02 Scout Tower
12:03 Scout Tower
12:08 Arcane Tower
12:48 Guard Tower
12:51 Scout Tower
12:52 Scout Tower
12:52 Scout Tower
13:01 Guard Tower
13:03 Scout Tower
13:05 Guard Tower
13:06 Scout Tower
13:08 Scout Tower
13:09 Scout Tower
13:31 Guard Tower
13:35 Scout Tower
13:36 Guard Tower
13:41 Arcane Vault
13:42 Arcane Vault
13:46 Scout Tower
13:49 Scout Tower
13:52 Scout Tower
13:53 Scout Tower
13:54 Scout Tower
13:59 Scout Tower
14:00 Scout Tower
14:01 Scout Tower
14:04 Guard Tower
14:12 Scout Tower
14:14 Scout Tower
14:19 Arcane Tower
14:20 Guard Tower
14:25 Guard Tower
14:29 Scout Tower
14:30 Scout Tower
14:31 Scout Tower
14:32 Scout Tower
14:50 Arcane Tower
15:02 Scout Tower
15:03 Scout Tower
15:06 Scout Tower
15:29 Guard Tower
15:44 Scout Tower
16:10 Guard Tower
16:15 Guard Tower
16:16 Scout Tower
16:23 Scout Tower
16:24 Scout Tower
16:40 Altar of Kings
16:50 Guard Tower
17:02 Guard Tower
17:13 Scout Tower
17:15 Scout Tower
17:23 Altar of Kings
17:26 Farm
17:27 Farm
17:28 Farm
17:35 Scout Tower
17:36 Scout Tower
17:37 Scout Tower
17:37 Scout Tower
17:40 Scout Tower
17:41 Scout Tower
17:42 Scout Tower
17:42 Scout Tower
17:52 Guard Tower
18:00 Arcane Tower
18:10 Guard Tower
18:18 Guard Tower
18:20 Scout Tower
18:23 Scout Tower
18:30 Guard Tower
18:35 Scout Tower
19:26 Arcane Tower
20:02 Lumber Mill
33:52 Scout Tower
34:01 Scout Tower
34:28 Guard Tower
35:11 Guard Tower
» items
| Staff of Teleportation | 3 | |
| Boots of Speed | 3 | |
| Healing Salve | 1 | |
| Scroll of Regeneration | 1 | |
| Staff of Sanctuary | 1 | |
| Scroll of Town Portal | 3 | |
| Circlet of Nobility | 1 | |
| Orb of Lightning | 3 | |
| Lesser Clarity Potion | 2 | |
| Tiny Great Hall | 1 | |
| Staff of Preservation | 2 | |
21 total
team 2 (loser)
CataRetourn (
purple | 145 APM | 6255 actions | 43:12)
7 Death Knight
3 Death Coil
2 Unholy Aura
1 Death Pact
1 Animate Dead
6 Lich
3 Frost Nova
1 Frost Armor
1 Dark Ritual
1 Death and Decay
3 Dreadlord
2 Sleep
1 Carrion Swarm
» actions
| Assign group hotkey | 86 | |
| Basic commands | 19 | |
| Build / train | 148 | |
| ESC pressed | 5 | |
| Enter build submenu | 39 | |
| Enter hero's abilities submenu | 17 | |
| Give item / drop item | 4 | |
| Right click | 2877 | |
| Select / deselect | 755 | |
| Select group hotkey | 1949 | |
| Use ability | 355 | |
6255 total
» units
| Acolyte | 18 | |
| Ghoul | 6 | |
| Crypt Fiend | 15 | |
| Obsidian Statue | 10 | |
| Frost Wyrm | 9 | |
58 total
» upgrades
| Burrow | 1 | |
| Destroyer Form | 1 | |
| Creature Carapace | 3 | |
| Ghoul Frenzy | 1 | |
| Web | 1 | |
| Creature Attack | 3 | |
| Freezing Breath | 1 | |
11 total
» buildings
| Crypt | 1 | |
| Graveyard | 2 | |
| Altar of Darkness | 1 | |
| Ziggurat | 15 | |
| Tomb of Relics | 1 | |
| Halls of the Dead | 1 | |
| Nerubian Tower | 4 | |
| Black Citadel | 1 | |
| Sacrificial Pit | 1 | |
| Slaughterhouse | 1 | |
| Boneyard | 3 | |
| Necropolis | 3 | |
| Spirit Tower | 2 | |
| Altar of Elders | 1 | |
37 total
» build order
00:07 Crypt
00:08 Graveyard
00:12 Graveyard
00:31 Altar of Darkness
00:47 Ziggurat
01:08 Tomb of Relics
01:42 Ziggurat
02:40 Halls of the Dead
03:23 Ziggurat
03:42 Nerubian Tower
05:07 Black Citadel
06:03 Sacrificial Pit
06:57 Slaughterhouse
07:28 Boneyard
07:29 Boneyard
07:44 Boneyard
07:47 Ziggurat
07:48 Ziggurat
09:03 Ziggurat
09:04 Ziggurat
10:17 Necropolis
12:00 Ziggurat
12:00 Ziggurat
13:26 Ziggurat
19:03 Nerubian Tower
19:17 Spirit Tower
19:18 Nerubian Tower
20:55 Ziggurat
20:57 Ziggurat
22:16 Nerubian Tower
22:17 Spirit Tower
24:06 Ziggurat
37:01 Necropolis
39:24 Necropolis
39:55 Altar of Elders
42:06 Ziggurat
42:07 Ziggurat
» items
| Rod of Necromancy | 3 | |
| Potion of Healing | 5 | |
| Boots of Speed | 2 | |
| Potion of Lesser Invulnerability | 5 | |
| Orb of Corruption | 1 | |
| Dust of Appearance | 1 | |
| Scroll of Healing | 4 | |
| Scroll of Town Portal | 4 | |
| Potion of Mana | 2 | |
27 total

»
Cizz (
green | 71 APM | 3071 actions | 43:11)
7 Archmage
2 Summon Water Elemental
3 Brilliance Aura
2 Blizzard
5 Blood Mage
1 Flame Strike
2 Siphon Mana
2 Banish
» actions
| Assign group hotkey | 55 | |
| Basic commands | 41 | |
| Build / train | 158 | |
| Enter build submenu | 41 | |
| Enter hero's abilities submenu | 11 | |
| Give item / drop item | 4 | |
| Right click | 1688 | |
| Select / deselect | 467 | |
| Select group hotkey | 314 | |
| Use ability | 292 | |
3071 total
» units
| Peasant | 24 | |
| Footman | 14 | |
| Knight | 10 | |
| Dragonhawk Rider | 12 | |
| Gryphon Rider | 4 | |
| Siege Engine | 4 | |
| Flying Machine | 1 | |
| Mortar Team | 1 | |
| Rifleman | 6 | |
76 total
» upgrades
| Defend | 1 | |
| Masonry | 1 | |
| Lumber Harvesting | 2 | |
| Animal War Training | 1 | |
| Cloud | 1 | |
| Storm Hammers | 1 | |
| Gunpowder | 2 | |
| Plating | 1 | |
| Magic Sentry | 1 | |
| Barrage | 1 | |
| Fragmentation Shards | 1 | |
13 total
» buildings
| Altar of Kings | 1 | |
| Barracks | 1 | |
| Farm | 11 | |
| Arcane Vault | 2 | |
| Scout Tower | 13 | |
| Arcane Tower | 7 | |
| Lumber Mill | 1 | |
| Town Hall | 4 | |
| Keep | 2 | |
| Guard Tower | 8 | |
| Castle | 2 | |
| Blacksmith | 1 | |
| Gryphon Aviary | 2 | |
| Workshop | 4 | |
| Arcane Sanctum | 1 | |
60 total
» build order
00:10 Altar of Kings
00:21 Barracks
00:25 Farm
00:39 Farm
01:49 Farm
02:15 Arcane Vault
02:18 Scout Tower
02:48 Arcane Tower
02:52 Scout Tower
03:17 Lumber Mill
03:24 Arcane Tower
03:24 Arcane Tower
03:53 Farm
05:00 Town Hall
05:03 Scout Tower
05:04 Scout Tower
06:19 Keep
06:20 Keep
06:45 Arcane Tower
06:47 Guard Tower
06:47 Guard Tower
07:03 Scout Tower
07:04 Scout Tower
07:08 Scout Tower
07:41 Guard Tower
07:41 Guard Tower
07:42 Arcane Tower
07:52 Scout Tower
07:53 Scout Tower
07:55 Scout Tower
08:46 Castle
08:47 Castle
09:00 Blacksmith
10:14 Gryphon Aviary
10:16 Gryphon Aviary
11:07 Guard Tower
11:07 Guard Tower
11:28 Farm
11:31 Farm
11:58 Farm
11:59 Farm
12:03 Farm
12:16 Farm
12:56 Farm
17:46 Scout Tower
17:47 Scout Tower
17:49 Scout Tower
18:21 Guard Tower
18:22 Guard Tower
18:26 Town Hall
19:49 Workshop
22:29 Workshop
22:30 Workshop
22:31 Workshop
25:09 Town Hall
26:50 Arcane Vault
27:13 Arcane Sanctum
34:04 Town Hall
» items
| Scroll of Regeneration | 3 | |
| Lesser Clarity Potion | 1 | |
| Scroll of Town Portal | 6 | |
| Scroll of Healing | 2 | |
| Tome of Retraining | 1 | |
| Potion of Healing | 4 | |
| Staff of Sanctuary | 1 | |
| Potion of Lesser Invulnerability | 1 | |
19 total
Maty.ud (
pink | 45 APM | 1719 actions | 38:24)
6 Priestess of the Moon
3 Trueshot Aura
1 Scout
1 Searing Arrows
1 Starfall
» actions
| Assign group hotkey | 25 | |
| Basic commands | 31 | |
| Build / train | 67 | |
| ESC pressed | 4 | |
| Enter build submenu | 21 | |
| Enter hero's abilities submenu | 6 | |
| Right click | 926 | |
| Select / deselect | 512 | |
| Select group hotkey | 75 | |
| Use ability | 52 | |
1719 total
» units
| Wisp | 21 | |
| Huntress | 16 | |
| Glaive Thrower | 14 | |
| Hippogryph | 6 | |
57 total
» buildings
| Altar of Elders | 1 | |
| Moon Well | 9 | |
| Hunter's Hall | 2 | |
| Ancient of War | 2 | |
| Ancient Protector | 1 | |
| Tree of Life | 1 | |
| Tree of Ages | 1 | |
| Ancient of Wind | 3 | |
| Tree of Eternity | 1 | |
21 total
» build order
00:08 Altar of Elders
00:11 Moon Well
01:43 Hunter's Hall
01:46 Ancient of War
02:04 Moon Well
02:22 Hunter's Hall
02:26 Ancient of War
02:57 Moon Well
03:10 Moon Well
05:51 Moon Well
10:22 Ancient Protector
13:12 Moon Well
23:06 Tree of Life
25:03 Tree of Ages
27:03 Moon Well
27:45 Ancient of Wind
27:51 Ancient of Wind
28:04 Ancient of Wind
28:20 Tree of Eternity
35:13 Moon Well
35:14 Moon Well
» items
Chat log
(01:30 / All) Maty.ud: y
(01:35 / All) BEAR_AND: 1 sec pls
(01:37 / All) BEAR_AND: im calling my bank
(01:44 / All) iggy_the_fisk: it's a sound investment
(01:48 / All) iggy_the_fisk: protect your calzone
(04:08 / All) Maty.ud: so gay
(04:12 / All) iggy_the_fisk: what?
(05:04 / All) Maty.ud: zzz
(05:09 / All) Maty.ud: i can do this alla day
(05:14 / All) iggy_the_fisk: oh=
(05:16 / All) BEAR_AND: ok
(05:19 / All) BEAR_AND: guess we leave then
(05:26 / All) Maty.ud: good
(05:27 / All) Maty.ud: go
(06:23 / All) iggy_the_fisk: i think
(06:24 / All) iggy_the_fisk: ur noobs
(06:33 / All) Cizz: Gay ness
(06:38 / All) BEAR_AND: lol! ouch!
(07:15 / All) Cizz: thought this was dota and was gonna say
(07:19 / All) Cizz: call mia'S
(07:22 / All) Maty.ud: this is ridiculous
(07:26 / All) BEAR_AND: wow! lol thats funy
(07:37 / All) iggy_the_fisk: stop being noobies
(09:22 / All) Maty.ud: yep
(09:24 / All) Maty.ud: so gay..
(09:33 / All) iggy_the_fisk: can you kill a tower?
(09:33 / All) Maty.ud: waths next?
(09:35 / All) Maty.ud: full air?
(09:41 / All) iggy_the_fisk: what's next is
(09:42 / All) iggy_the_fisk: we win
(09:45 / All) iggy_the_fisk: because you're noob
(11:22 / All) iggy_the_fisk: purple
(11:22 / All) BEAR_AND: lol!
(11:23 / All) iggy_the_fisk: why??
(13:11 / All) BEAR_AND: pink
(13:17 / All) BEAR_AND: do you know about "Armor Type"??
(13:28 / All) Maty.ud: lol
(15:18 / All) iggy_the_fisk: lol....
(15:24 / All) iggy_the_fisk: newbies
(15:52 / All) iggy_the_fisk: very bad play
(16:31 / All) Maty.ud: sorry
(16:35 / All) Maty.ud: i didnt read u
(16:38 / All) Maty.ud: what?
(16:41 / All) iggy_the_fisk: i said
(16:43 / All) iggy_the_fisk: you're newbies
(16:45 / All) iggy_the_fisk: so you lost the game
(16:49 / All) Maty.ud: oh
(16:51 / All) Maty.ud: really?
(16:54 / All) iggy_the_fisk: yes
(16:55 / All) iggy_the_fisk: you're newbies
(16:56 / All) iggy_the_fisk: you lose
(16:59 / All) Cizz: thius was waste of tiem game
(17:03 / All) iggy_the_fisk: yes
(17:04 / All) iggy_the_fisk: Too easy for us
(18:57 / All) Maty.ud: sorry blue
(19:03 / All) iggy_the_fisk: it's good
(19:10 / All) iggy_the_fisk: I want you to have hope
(19:24 / All) Maty.ud: i want some pizza..
(22:43 / All) Maty.ud: lol
(27:33 / All) iggy_the_fisk: noob
(27:36 / All) BEAR_AND: lol!
(28:43 / All) BEAR_AND: lmfao
(28:57 / All) iggy_the_fisk: jesus nooooobs
(29:03 / All) BEAR_AND: christ this is good
(29:25 / All) iggy_the_fisk: you were doing okay
(29:27 / All) iggy_the_fisk: why did you stoP
(29:30 / All) iggy_the_fisk: now the game is boring again
(30:43 / All) BEAR_AND: lol!
(31:39 / All) iggy_the_fisk: tanks
(31:40 / All) iggy_the_fisk: are stupid
(31:41 / All) iggy_the_fisk: see?
(31:43 / All) iggy_the_fisk: you're very noob
(33:05 / All) Cizz: cant
(36:39 / All) iggy_the_fisk: noobs
(36:44 / All) iggy_the_fisk: very bad
(36:55 / All) Maty.ud: very noob strat
(36:57 / All) Maty.ud: lol
(37:00 / All) iggy_the_fisk: we win
(37:06 / All) iggy_the_fisk: with noob strat
(37:06 / All) Maty.ud: fagots
(37:07 / All) iggy_the_fisk: Lol
(37:24 / All) iggy_the_fisk: how can you not win against this
(37:27 / All) iggy_the_fisk: It's only tower
(37:29 / All) iggy_the_fisk: not even gold..
(38:23 / All) iggy_the_fisk: do you remember when I said we won the game and you said "really?" like you didn't believe it?
(38:25 / All) iggy_the_fisk: I remember that
(38:28 / All) Chamomile: cya
(38:30 / All) BEAR_AND: gg
(38:31 / All) BEAR_AND: clan towa #1
(38:34 / All) BEAR_AND: http://highper.ch/
(38:35 / All) Chamomile: wat to do with this 12k gold i haev . . ..
(38:40 / All) iggy_the_fisk: suck and lose
(38:58 / All) iggy_the_fisk: just like you did all game
(39:02 / All) iggy_the_fisk: you think gold matters
(39:04 / All) iggy_the_fisk: or noob strats
(39:08 / All) iggy_the_fisk: problem is you suck so you can't win
(42:50 / All) iggy_the_fisk: bye noobs
(43:04 / All) Cizz: gg
(43:04 / All) BEAR_AND: lol!
(43:11 / All) iggy_the_fisk: very bad play by you
(43:12 / All) iggy_the_fisk: agree?